 Dungeon Crawl Stone Soup version 0.27.1-35-g4d5d836560 (console) character file.

Game seed: 7949264467122464836

106754 grimtooth the Grappler (level 15, -1/140 (146) HPs)
             Began as a Troll Arcane Marksman on Apr 23, 2022.
             Was a High Priest of Okawaru.
             Slain by a phantasmal warrior (9 damage)
             ... summoned by a vampire mage
             ... on level 15 of the Dungeon on Apr 24, 2022.
             The game lasted 02:36:48 (25736 turns).

grimtooth the Grappler (Troll Arcane Marksman)     Turns: 25736, Time: 02:36:48

HP:   -1/140 (146)  AC: 21    Str: 22    XL:     15   Next: 98%
MP:   15/21         EV: 16    Int: 14    God:    Okawaru [*****.]
Gold: 161           SH: 19    Dex: 15    Spells: 12/22 levels left

rFire    . . .     SeeInvis .     - Unarmed
rCold    . . .     Faith    .   S - +1 kite shield {AC+3}
rNeg     . . .     Spirit   .   e - +0 troll leather armour
rPois    .         Reflect  +   h - +2 hat
rElec    .         Harm     .   a - +2 cloak of Qesmurph {Dex+5}
rCorr    .         Rampage  .   (gloves unavailable)
Will     .....                  (boots unavailable)
Stlth    +++.......             V - amulet of reflection
HPRegen  2.33/turn              i - +4 ring of protection
MPRegen  0.17/turn              k - +4 ring of evasion

@: weak-willed, heroic, finesse-ful, slowed, studying Unarmed Combat, lightly
drained, very slow
A: large, unfitting armour, claws 3, regeneration 1, shaggy fur 1, tough skin 1
a: Renounce Religion, Heroism, Finesse


You were on level 15 of the Dungeon.
You worshipped Okawaru.
Okawaru was extremely pleased with you.
You visited 4 branches of the dungeon, and saw 24 of its levels.
You visited 1 bazaar.
You also visited: Sewer, Ossuary and Volcano.

You collected 4054 gold pieces.
You spent 3893 gold pieces at shops.

Inventory:

Hand Weapons
 b - the +9 fustibalus of Meaqoxau {vorpal, *Slow rElec rN+++ Will-}
   (Okawaru gifted it to you in a volcano)

   Any ammunition fired from it inflicts extra damage upon your enemies.
   rElec:     It insulates you from electricity.
   rN:        It renders you almost immune to negative energy.
   *Slow:     It may slow you when you take damage.
   Will:      It decreases your willpower.
Missiles
 c - 5 throwing nets {=f}
 m - 67 poisoned darts
 s - 19 boomerangs (quivered)
 v - 45 large rocks
 x - 11 curare-tipped darts
 K - 47 sling bullets
Armour
 a - the +2 cloak of Qesmurph (worn) {Dex+5}
   (You acquired it on level 12 of the Dungeon)

   Dex:       It affects your dexterity (+5).
 e - a +0 troll leather armour (worn)
 h - a +2 hat (worn)
 S - a +1 kite shield of protection (worn)
Jewellery
 i - a +4 ring of protection (left claw)
 k - a +4 ring of evasion (right claw)
 q - a ring of flight
 u - a ring of magical power
 y - a ring of protection from fire
 O - a ring of resist corrosion
 V - an amulet of reflection (around neck)
 X - a ring of protection from cold
Wands
 G - a wand of polymorph (16)
 J - a wand of iceblast (24)
 L - a wand of paralysis (35)
 N - a wand of charming (6)
 T - a wand of acid (6)
 U - a wand of flame (48)
Scrolls
 d - 2 scrolls of summoning
 g - a scroll of enchant armour
 j - 2 scrolls of fear
 n - 11 scrolls of teleportation
 o - 3 scrolls of identify {@r4}
 p - 6 scrolls of magic mapping
 F - a scroll of fog
Potions
 f - 3 potions of berserk rage
 l - a potion of lignification
 r - 5 potions of heal wounds
 t - 9 potions of flight
 w - 3 potions of curing
 z - 2 potions of haste
 A - a potion of ambrosia
 C - 3 potions of cancellation
 E - 3 potions of magic
 I - a potion of might
 Z - a potion of resistance
Miscellaneous
 P - a phial of floods


   Skills:
 - Level 9.0(14.0) Fighting
 - Level 9.0(14.0) Throwing
 - Level 9.0(14.0) Armour
 - Level 1.5(6.5) Dodging
 - Level 9.0(14.0) Shields
 + Level 13.0(18.0) Unarmed Combat
 - Level 4.0 Spellcasting
 + Level 6.6 Hexes
 - Level 6.0 Translocations
 - Level 10.0 Invocations


You had 12 spell levels left.
You knew the following spells:

 Your Spells              Type           Power      Damage    Failure   Level
a - Slow                  Hex            21%        N/A       2%          2
k - Blink                 Tloc           N/A        N/A       2%          2
x - Portal Projectile     Hex/Tloc       40%        N/A       4%          3
z - Confusing Touch       Hex            21%        N/A       4%          3

Your spell library contained the following spells:

 Spells                   Type           Power      Damage    Failure   Level
 Corona                   Hex            23%        N/A       1%          1
 Tukima's Dance           Hex            21%        N/A       4%          3
 Gell's Gravitas          Tloc           9%         N/A       5%          3
 Lesser Beckoning         Tloc           9%         N/A       5%          3
 Teleport Other           Tloc           19%        N/A       5%          3
 Cause Fear               Hex            10%        N/A       14%         4
 Inner Flame              Hex/Fire       12%        N/A       17%         3
 Passage of Golubria      Tloc           N/A        N/A       19%         4
 Magic Dart               Conj           8%         1d3       22%         1
 Shock                    Conj/Air       8%         1d3       22%         1
 Call Imp                 Summ           2%         N/A       32%         2
 Manifold Assault         Tloc           19%        N/A       45%         5
 Fulminant Prism          Conj/Hex       6%         3d7       50%         4
 Leda's Liquefaction      Hex/Erth       6%         N/A       50%         4
 Iskenderun's Mystic Bla  Conj/Tloc      11%        2d4       52%         4
 Call Canine Familiar     Summ           2%         N/A       54%         3
 Mephitic Cloud           Conj/Pois/Air  2%         N/A       54%         3
 Stone Arrow              Conj/Erth      4%         3d7       54%         3
 Swiftness                Air            2%         N/A       54%         3
 Vampiric Draining        Necr           1%         2d6       54%         3
 Yara's Violent Unravell  Hex/Tmut       6%         3d5       83%         5
 Airstrike                Air            1%         N/A       91%         4
 Summon Lightning Spire   Summ/Air       2%         N/A       91%         4
 Bolt of Magma            Conj/Fire/Erth 1%         4d4       99%         5
 Freezing Cloud           Conj/Ice/Air   1%         6-21      99%         5
 Lee's Rapid Deconstruct  Erth           1%         3d5*      99%         5
 Simulacrum               Ice/Necr       1%         N/A       100%        6
 Storm Form               Tmut/Air       1%         N/A       100%        7
 Summon Hydra             Summ           1%         N/A       100%        7
 Summon Horrible Things   Summ           1%         N/A       100%        8
 Polar Vortex             Ice            1%         N/A       100%        9
 Shatter                  Erth           1%         3d5*      100%        9


Dungeon Overview and Level Annotations

Branches:
Dungeon (15/15)            Temple (1/1) D:6            Lair (6/6) D:9
  Swamp (0/4) Lair:4        Snake (0/4) Lair:2        Slime (0/5) Lair:6
    Orc (2/2) D:12            Elf (0/3) Orc:2        Vaults (0/5) D:14
 Depths (0/5) D:15          Sewer (visited)         Ossuary (visited)
Volcano (visited)

Altars:
Ashenzari
Cheibriados
Dithmenos
Elyvilon
Fedhas
Gozag
Hepliaklqana
Kikubaaqudgha
Makhleb
Nemelex Xobeh
Okawaru
Qazlal
Ru
Sif Muna
Trog
Uskayaw
Vehumet
Wu Jian
Xom
Yredelemnul
Zin
The Shining One
Beogh

Shops:
D:3 ?   D:9 [   D:11 !   D:13 !   Orc:2 (=*(

Annotations:
D:3 1 runed translucent door, Golfball's ghost, amateur GrFi
D:5 exclusion: statue
Lair:3 3 runed translucent doors, Dikli's ghost, journeyman MiBe
Lair:4 2 runed translucent doors, Xyudeake's ghost, journeyman DEFE
Lair:5 3 runed translucent doors, AverageBear's ghost, journeyman DDFi
Orc:2 2 transporters, KrombopulosMichael's ghost, adept FoEE


Innate Abilities, Weirdness & Mutations

You are too large for most types of armour.
You have claws for hands.
Your natural rate of healing is unusually fast.
You are covered in fur. (AC +1)
You have tough skin. (AC +1)


Message History

Found a wand of iceblast (11).
You block the harpy zombie's attack.
The harpy zombie claws you but does no damage.
The harpy zombie closely misses you.
The harpy zombie claws you but does no damage.
The harpy zombie claws you. You block the harpy zombie's attack.
The phantasmal warrior blinks!
The harpy zombie claws you but does no damage. x2
The harpy zombie closely misses you. x2; You block the harpy zombie's attack.
The harpy zombie claws you but does no damage.
A bolt of negative energy appears from out of thin air!
The bolt of negative energy hits something.
The bolt of negative energy misses you.
You hear some strange, mumbled words.
You are confused.
The phantasmal warrior blinks!
The harpy zombie closely misses you. x2
The harpy zombie claws you. x2; The phantasmal warrior blinks!
The harpy zombie claws you but does no damage.
The harpy zombie claws you.
* * * LOW HITPOINT WARNING * * *
The phantasmal warrior hits you!!
* * * LOW HITPOINT WARNING * * *
An iron dragon zombie comes into view.
You feel better.
The centaur warrior skeleton disappears in a puff of smoke!
You block the harpy zombie's attack. The harpy zombie closely misses you. x2
You block the harpy zombie's attack.
The teleport trap disappears.
The spark wasp zombie disappears!
Something barely misses you. Something bites you but does no damage.
You block the harpy zombie's attack.
The harpy zombie claws you but does no damage.
The phantasmal warrior hits you!
* * * LOW HITPOINT WARNING * * *
You hear some strange, mumbled words.
A bolt of negative energy appears from out of thin air!
The bolt of negative energy hits you!!
You feel drained.
* * * LOW HITPOINT WARNING * * *
Casting: Slow (safe; 2% risk of failure)
Confirm with . or Enter, or press ? or * to list all spells.
You blink.
The phantasmal warrior blinks!
The phantasmal warrior hits you!
You die...

#................#.#
#........8.8........# ## ###
#.......8..P8...8...## ..#..##
#......P........(...##..#.....#
...#...P....P..8.88.#..##.....##
...#....................#......#
.........88..W.................#
.....#.......>.................##
............8....PP...##..<......
.........8.§.{§W....# ##...).....
.............uZ.@...###.........#
(...##......{......P.#...?......#
......§.u.........8............##
......#......................###
......#.C..##.#........###...##
....<.......#..........###.##)##
....Z......../...........#.#...#
..$..u.Z....#............#.....#
...........## .............#
......(...#.PP ...#.....##
.......(..≈≈≈≈ . ###..####


You could see a white ugly thing (soul bound), 2 phantasmal warriors and a harpy
zombie (summoned).

Vanquished Creatures
  Nessos (Orc:2)
  2 ettins
  2 fire dragons (D:15)
  Josephine (D:15)
  4 boulder beetles
  11 hydras
  Fannar (D:12)
  4 centaur warriors
  5 catoblepae
  3 dancing weapons
  5 two-headed ogres
  16 death yaks
  Sonja (D:10)
  Nergalle (D:12)
  7 skeletal warriors (D:15)
  6 wizards
  4 orc knights
  An orc sorcerer (Orc:2)
  A stone giant zombie (D:15)
  5 ugly things
  4 oklob plants (Lair:1)
  5 cyclopes
  6 manticores
  A wolf spider (D:15)
  5 toenail golems (Volcano)
  7 elephants
  5 black mambas
  2 gargoyles
  A spriggan zombie (D:15)
  A yaktaur (D:15)
  2 kobold demonologists (D:12)
  5 rime drakes
  Psyche (D:9)
  10 cane toads
  5 komodo dragons
  An efreet (D:15)
  A troll (shapeshifter) (D:14)
  6 trolls
  A wind drake (shapeshifter) (D:13)
  2 polar bears (Lair:4)
  16 slime creatures
  13 blink frogs
  A shadow (D:9)
  88 yaks
  7 wraiths
  5 humans (D:9)
  7 wyverns
  Grum (D:8)
  10 vampire mosquitoes
  3 basilisks
  A warg (Orc:2)
  2 nagas (Lair:2)
  An acid dragon (D:13)
  24 water moccasins
  A swamp drake (D:12)
  An ice beast (D:8)
  30 orc warriors
  4 black bears
  4 ogres
  2 necrophages
  27 wolves
  17 centaurs
  An elf zombie (Ossuary)
  3 kobold brigands
  10 bullfrogs
  A gnoll sergeant (D:6)
  6 scorpions
  A hornet simulacrum (D:15)
  4 killer bees (D:9)
  4 wights
  An electric eel (Lair:4)
  4 howler monkeys
  3 centaur zombies
  A bullfrog zombie (D:7)
  7 hounds
  3 jellies
  2 bullfrog skeletons
  7 orc priests
  Jessica (D:2)
  2 iguanas
  Natasha (twice) (D:2)
  18 orc wizards
  A merfolk siren (Sewer)
  A merfolk avatar (Sewer)
  A hound zombie (D:5)
  2 hound skeletons (D:4)
  2 mummies (Ossuary)
  3 gnolls (D:6)
  4 howler monkey zombies
  5 adders
  A river rat (Sewer)
  A white imp (D:7)
  An ufetubus (D:6)
  5 adder zombies
  2 worms (D:4)
  5 dart slugs
  57 orcs
  A bat zombie (D:6)
  9 endoplasms
  6 giant cockroaches
  8 goblins
  4 hobgoblins
  9 jackals
  4 quokkas
  13 ball pythons
  6 bats
  9 frilled lizards
  2 goblin zombies (Ossuary)
  11 hobgoblin zombies (Ossuary)
  23 kobolds
  10 kobold zombies (Ossuary)
  6 orc zombies (Ossuary)
  26 rats
  5 rat zombies
741 creatures vanquished.

Vanquished Creatures (others)
  An orc (D:12)
  A kobold (D:12)
  39 fungi
  58 plants
  7 withered plants
106 creatures vanquished.

Grand Total: 847 creatures vanquished

Notes
Turn   | Place    | Note
-------+----------+-------------------------------------------
     0 | D:1      | grimtooth the Troll Arcane Marksman began the quest for the
                  | Orb.
     0 | D:1      | Reached XP level 1. HP: 18/18 MP: 1/1
    52 | D:1      | Reached skill level 1 in Unarmed Combat
    92 | D:1      | Reached XP level 2. HP: 24/24 MP: 2/2
   213 | D:1      | Reached skill level 2 in Unarmed Combat
   349 | D:1      | Reached XP level 3. HP: 32/32 MP: 3/3
   437 | D:1      | Found a faded altar of an unknown god.
   595 | D:2      | Found a bloodstained altar of Trog.
   700 | D:2      | Noticed Natasha
   710 | D:2      | Killed Natasha
   711 | D:2      | Reached skill level 3 in Unarmed Combat
   711 | D:2      | Reached XP level 4. HP: 23/40 MP: 4/4
  1008 | D:2      | Noticed Jessica
  1023 | D:2      | Killed Jessica
  1336 | D:2      | Noticed Natasha
  1343 | D:2      | Killed Natasha
  1344 | D:2      | Reached XP level 5. HP: 40/46 MP: 5/5
  1364 | D:3      | Found a glowing drain.
  1440 | D:3      | Reached skill level 4 in Unarmed Combat
  1441 | Sewer    | Entered a sewer
  1988 | D:3      | Found Itoss's Magic Scroll Boutique.
  1999 | D:3      | Bought a scroll of identify for 28 gold pieces
  2098 | D:3      | Reached XP level 6. HP: 54/54 MP: 6/6
  2239 | D:3      | Found a runed translucent door.
  2275 | D:3      | Noticed Golfball's ghost (amateur GrFi)
  2434 | D:3      | Learned a level 2 spell: Slow
  2617 | D:4      | Found a basalt altar of Yredelemnul.
  2619 | D:4      | Found an opulent altar of Gozag.
  2682 | D:4      | Reached skill level 5 in Unarmed Combat
  2970 | D:4      | Reached XP level 7. HP: 57/61 MP: 7/7
  3035 | D:4      | Reached skill level 6 in Unarmed Combat
  3185 | D:4      | Noticed a moth of wrath
  3188 | D:4      | Found a bloodstained altar of Trog.
  3490 | D:4      | Found a hazy altar of Hepliaklqana.
  3530 | D:5      | Entered Level 5 of the Dungeon
  3550 | D:5      | Found a white marble altar of Elyvilon.
  3550 | D:5      | Found a glowing golden altar of the Shining One.
  3702 | D:5      | Found an ornate altar of the Wu Jian Council.
  3769 | D:5      | Found a radiant altar of Vehumet.
  3825 | D:5      | Found a sand-covered staircase.
  3829 | Ossuary  | Entered an ossuary
  4034 | Ossuary  | Reached skill level 7 in Unarmed Combat
  4210 | D:5      | Found a stormy altar of Qazlal.
  4259 | D:5      | Found a glowing silver altar of Zin.
  4580 | D:5      | Reached skill level 5 in Throwing
  4765 | D:6      | Reached XP level 8. HP: 68/68 MP: 5/8
  4883 | D:6      | Reached skill level 8 in Unarmed Combat
  5096 | D:6      | Reached skill level 9 in Unarmed Combat
  5245 | D:6      | Learned a level 3 spell: Confusing Touch
  5277 | D:6      | Found a staircase to the Ecumenical Temple.
  5284 | Temple   | Entered the Ecumenical Temple
  5336 | Temple   | Became a worshipper of Warmaster Okawaru
  5437 | D:6      | Found an ancient bone altar of Kikubaaqudgha.
  5547 | D:6      | Reached skill level 1 in Fighting
  5942 | D:7      | Reached XP level 9. HP: 78/79 MP: 9/9
  6791 | D:8      | Noticed a centaur warrior
  6811 | D:8      | Killed a centaur warrior
  6811 | D:8      | Reached * piety under Okawaru
  6932 | D:8      | Identified the +9 whip "Tormentor" {drain, *Corrode Str+5
                  | Dex+4}
  6958 | D:8      | Reached ** piety under Okawaru
  6984 | D:8      | Found a broken altar of Ashenzari.
  6986 | D:8      | Noticed Grum
  7043 | D:7      | Reached skill level 5 in Hexes
  7069 | D:8      | Killed Grum
  7588 | D:9      | Reached XP level 10. HP: 73/87 MP: 12/12
  7790 | D:9      | Reached *** piety under Okawaru
  7793 | D:9      | Reached skill level 5 in Invocations
  7818 | D:9      | Noticed Psyche
  7839 | D:9      | Killed Psyche
  8027 | D:9      | Reached **** piety under Okawaru
  8052 | D:9      | Reached skill level 10 in Unarmed Combat
  8060 | D:9      | Found a staircase to the Lair.
  8276 | D:9      | Found Asagguc's Armour Emporium.
  8484 | D:9      | Noticed a two-headed ogre
  8488 | D:9      | Killed a two-headed ogre
  8488 | D:9      | Received a gift from Okawaru
  8488 | D:9      | Reached ***** piety under Okawaru
  8489 | D:9      | Reached XP level 11. HP: 100/100 MP: 14/14
  8501 | D:9      | Noticed a two-headed ogre
  8540 | D:9      | Noticed an orc knight
  8614 | D:9      | Reached skill level 11 in Unarmed Combat
  8648 | D:9      | Received a gift from Okawaru
  8661 | D:9      | Noticed a two-headed ogre
  8679 | D:9      | Killed a two-headed ogre
  8731 | D:9      | Killed a two-headed ogre
  8732 | D:9      | Reached skill level 5 in Fighting
  8861 | D:9      | Killed an orc knight
  9025 | D:10     | Entered Level 10 of the Dungeon
  9146 | D:10     | Received a gift from Okawaru
  9280 | D:10     | Identified the ring of Insomnia {rF- rN+ Dex+7}
  9419 | D:10     | Found a burning altar of Makhleb.
  9419 | D:10     | Noticed an Executioner
  9730 | D:10     | Noticed Sonja
  9757 | D:10     | Killed Sonja
  9758 | D:10     | Reached skill level 12 in Unarmed Combat
 10142 | D:11     | Found Kumugose's Distillery.
 10168 | D:11     | Bought a potion of heal wounds for 90 gold pieces
 10168 | D:11     | Bought a potion of heal wounds for 90 gold pieces
 10168 | D:11     | Bought a potion of heal wounds for 90 gold pieces
 10168 | D:11     | Bought a potion of degeneration for 18 gold pieces
 10333 | D:11     | Noticed a white ugly thing
 10341 | D:11     | Killed a white ugly thing
 10780 | D:12     | Noticed Nergalle
 10788 | D:12     | Identified the +6 plate armour of Virtue {rN++ Str+3}
 10793 | D:12     | Killed Nergalle
 10814 | D:12     | Reached XP level 12. HP: 108/114 MP: 16/16
 10899 | D:12     | Received a gift from Okawaru
 11198 | D:12     | Received a gift from Okawaru
 11425 | D:12     | Reached ****** piety under Okawaru
 11438 | D:12     | Noticed Fannar
 11504 | D:12     | Killed Fannar
 11504 | D:12     | Received a gift from Okawaru
 11772 | D:12     | Found a staircase to the Orcish Mines.
 11794 | D:12     | Reached skill level 1 in Shields
 12144 | D:3      | Bought a scroll of blinking for 105 gold pieces
 12144 | D:3      | Bought a scroll of summoning for 133 gold pieces
 12572 | Lair:1   | Entered Level 1 of the Lair of Beasts
 12598 | Lair:1   | Received a gift from Okawaru
 12722 | Lair:1   | Received a gift from Okawaru
 12728 | Lair:1   | Noticed a four-headed hydra
 12736 | Lair:1   | Killed a four-headed hydra
 12820 | Lair:1   | Found a dark tunnel.
 12851 | Lair:1   | Learned a level 3 spell: Portal Projectile
 12852 | Volcano  | Entered a volcano
 12903 | Volcano  | Identified the +9 fustibalus of Meaqoxau {vorpal, *Slow
                  | rElec rN+++ Will-} (Okawaru gifted it to you in a volcano)
 12903 | Volcano  | Received a gift from Okawaru
 12904 | Volcano  | Reached skill level 1 in Translocations
 12988 | Volcano  | Reached skill level 5 in Shields
 13185 | Volcano  | Reached XP level 13. HP: 101/120 MP: 18/18
 13305 | Lair:1   | Received a gift from Okawaru
 13967 | Lair:1   | Reached skill level 5 in Translocations
 14523 | Lair:2   | Reached skill level 1 in Armour
 14778 | Lair:2   | Received a gift from Okawaru
 15262 | Lair:2   | Found a staircase to the Snake Pit.
 15425 | Lair:2   | Received a gift from Okawaru
 15476 | Lair:3   | Identified the +8 longbow "Hymp" {flame, rC++ Int+3}
 15477 | Lair:3   | - daamn nice bow
 15619 | Lair:3   | Got Yseibb's Compendium of the Escort
 15909 | Lair:3   | Received a gift from Okawaru
 16291 | Lair:3   | Found a runed translucent gate.
 16291 | Lair:3   | Found a runed translucent gate.
 16291 | Lair:3   | Found a runed translucent gate.
 16295 | Lair:3   | Noticed Dikli's ghost (journeyman MiBe)
 16295 | Lair:3   | Noticed Dikli's ghost (journeyman MiBe)
 16654 | Lair:4   | Reached XP level 14. HP: 128/130 MP: 19/19
 16927 | Lair:4   | Found a staircase to the Swamp.
 16985 | Lair:4   | Found a large runed translucent door.
 16985 | Lair:4   | Found a large runed translucent door.
 16986 | Lair:4   | Noticed Xyudeake's ghost (journeyman DEFE)
 17599 | Lair:5   | Reached skill level 5 in Armour
 18072 | Lair:5   | Noticed AverageBear's ghost (journeyman DDFi)
 18073 | Lair:5   | Found a runed translucent gate.
 18122 | Lair:5   | Found a runed translucent gate.
 18122 | Lair:5   | Found a runed translucent gate.
 18165 | Lair:5   | Received a gift from Okawaru
 18571 | Lair:6   | Entered Level 6 of the Lair of Beasts
 19279 | Lair:6   | Found a staircase to the Slime Pits.
 19337 | Lair:6   | Identified a scroll of acquirement
 19889 | Lair:6   | Received a gift from Okawaru
 19904 | Lair:6   | Reached XP level 15. HP: 90/140 MP: 21/21
 20039 | Lair:6   | Identified the +1 chain mail of Lesoivui {Rampage rC- rCorr
                  | Stlth+}
 20395 | D:12     | Acquired 1231 gold pieces
 20399 | Orc:1    | Entered Level 1 of the Orcish Mines
 20415 | Orc:1    | Reached skill level 10 in Invocations
 20536 | Orc:1    | You fall into a shaft and drop 1 floor!
 20536 | Orc:2    | Entered Level 2 of the Orcish Mines
 20536 | Orc:2    | Noticed Nessos
 20576 | Orc:2    | Found a transporter.
 20585 | Orc:2    | Found a staircase to the Elven Halls.
 20593 | Orc:2    | Received a gift from Okawaru
 20736 | Orc:2    | Found a transporter.
 21175 | Orc:2    | Noticed KrombopulosMichael's ghost (adept FoEE)
 21736 | Orc:2    | Killed Nessos
 21824 | Orc:2    | Found Derhorut's Assorted Antiques.
 21824 | Orc:2    | Found Zeiggoo's Jewellery Emporium.
 21827 | Orc:2    | Found Anualy's Antique Weapon Shoppe.
 21830 | Orc:2    | Found Cokhis's Antique Weapon Boutique.
 21844 | Orc:2    | Bought a scroll labelled JUHI KOFALU for 30 gold pieces
 21844 | Orc:2    | Bought a scroll of teleportation for 90 gold pieces
 21844 | Orc:2    | Bought a scroll of identify for 60 gold pieces
 21844 | Orc:2    | Bought a potion of haste for 300 gold pieces
 21844 | Orc:2    | Bought a potion of curing for 90 gold pieces
 21844 | Orc:2    | Bought a wand of iceblast (9) for 120 gold pieces
 22337 | D:3      | Bought a scroll of acquirement for 728 gold pieces
 22337 | D:3      | Bought a scroll of teleportation for 42 gold pieces
 22337 | D:3      | Bought a scroll of teleportation for 42 gold pieces
 22337 | D:3      | Bought a scroll of teleportation for 42 gold pieces
 22623 | D:12     | Acquired the +2 cloak of Qesmurph {Dex+5}
 23250 | D:13     | Found a flickering gateway to a bazaar.
 23369 | D:13     | Found a glowing golden altar of the Shining One.
 23445 | D:13     | Found Quxzedecs's Distillery.
 23542 | D:13     | Received a gift from Okawaru
 23601 | Bazaar   | Entered a bazaar
 23601 | Bazaar   | Found Xipricrop's General Store.
 23601 | Bazaar   | Found Une Xikaludy's General Store.
 23601 | Bazaar   | Found Megag's Book Shoppe.
 23601 | Bazaar   | Found Neebawuc's Antique Armour Emporium.
 23601 | Bazaar   | Found Likotosk's Book Shoppe.
 23651 | Bazaar   | Bought an Inescapable Atlas for 306 gold pieces
 23654 | Bazaar   | Learned a level 2 spell: Blink
 23680 | Bazaar   | Bought a manual of Unarmed Combat for 800 gold pieces
 23686 | Bazaar   | Bought 2 throwing nets for 72 gold pieces
 23686 | Bazaar   | Bought a scroll of enchant armour for 90 gold pieces
 23686 | Bazaar   | Bought a +4 ring of evasion for 432 gold pieces
 23688 | Bazaar   | Bought a potion of heal wounds for 95 gold pieces
 24377 | D:14     | You fall into a shaft and drop 1 floor!
 24377 | D:15     | Entered Level 15 of the Dungeon
 24421 | D:15     | Noticed Josephine
 24434 | D:15     | Killed Josephine
 24603 | D:15     | Received a gift from Okawaru
 25203 | D:14     | Found a gate to the Vaults.
 25486 | D:15     | Found a sparkling altar of Nemelex Xobeh.
 25569 | D:15     | Reached skill level 13 in Unarmed Combat
 25727 | D:15     | Found a staircase to the Depths.
 25735 | D:15     | HP: 4/140 [something/bolt of negative energy (29)]
 25736 | D:15     | Slain by a phantasmal warrior

Illustrated notes

##. ##.##
######...##
####.......<.#
#............#
##...........#
###............#
##...>.........##
............^.##
..............#
#.......@....##
.............#
................
...........#....
.........#####...
........## ...
.......P#
......###


Turn 15477 on Lair:3: - daamn nice bow

Levels and vault maps discovered:
D:1:      saegor_arrival_fortress, layout_basic,
          shapermc_ecumenical_altar_acropolis, chequers_serial_rivers_micro_d
D:2:      layout_basic, basic_altar, uniq_natasha, uniq_jessica
D:3:      layout_rooms, ebering_ghost_sewer_d, serial_shops, shop,
          cheibrodos_sewer_entry_drain
D:4:      layout_cave_pods, tgw_trog, minitemple, corexii_corridor_pit,
          minmay_tree_intersection, minmay_close_crescents
D:5:      layout_basic, good_gods_temple_1, nicolae_qazlal_scattered_showers,
          lemuel_doored_altar, vehumet_statue, enter_ossuary_5
D:6:      layout_loops_ring, lemuel_zombie_altar_kikubaaqudgha,
          minmay_temple_entry_junction
D:7:      layout_basic, kennysheep_generic_room_3
D:8:      layout_loops_ring, ashenzari_altar_1, kennysheep_generic_room_7,
          uniq_grum
D:9:      erik_cavepeople, layout_basic, minmay_lair_entry_grove, serial_shops,
          nicolae_shop_stone, hellmonk_guarded_unrand_dark_maul
D:10:     layout_grid_maze, makhleb_altar_promises_db, uniq_sonja
D:11:     layout_roguey, serial_shops, shop
D:12:     layout_loops_ring, erik_orc_1, uniq_nergalle, uniq_fannar
D:13:     layout_big_octagon, serial_shops, bzr_in_the_mist, shop,
          nicolae_tso_swordbearing_angel
D:14:     layout_irregular_city, erik_vaults_1, serial_column_ruins,
          column_ruins_open_tiny, column_ruins_corridor_corner,
          column_ruins_open_small, column_ruins_corridor_T,
          column_ruins_corridor_corner, column_ruins_corridor_T,
          column_ruins_grid_1, nrook_uturn
D:15:     gammafunk_depths_entry_grave, layout_cave_pools, serial_bayou_pond_c,
          nemelex_xobeh_ov_fountains_minmay, uniq_josephine
Temple:   compressed_dpeg_triangle_lava_temple
Lair:1:   layout_chaotic_city, enter_volcano_2, grunt_megastairs_1,
          serial_bayou_shore_a, lemuel_fruit_tree, minmay_lair_oklob_chamber
Lair:2:   layout_regular_city, guppyfry_snake_entry_garden, grunt_megastairs_2
Lair:3:   layout_cave_pods, gammafunk_ghost_cemetery,
          chequers_serial_rivers_room_a, hibernation_bobbens
Lair:4:   layout_loops_ring, minmay_swamp_entry_swarm,
          ebering_ghost_disaster_area
Lair:5:   layout_loops_ring, gammafunk_ghost_split
Lair:6:   evilmike_catoblepas_cave, layout_cave_pods, slime_dummy,
          grunt_megastairs_5
Orc:1:    layout_caves
Orc:2:    st_orc_rangers, layout_caves, gammafunk_ghost_stat_death,
          lemuel_statue_altar, uniq_nessos

Skill      XL: |  1  2  3  4  5  6  7  8  9 10 11 12 13 14 15 |
---------------+----------------------------------------------+-----
Throwing       | 2 3 4 5 6 8 9 |  9.0
Unarmed Combat | 1 2 3 4 5 7 9 10 12 13 | 13.0
Fighting       | 1 2 4 6 7 9 |  9.0
Hexes          | 3 5 6 |  6.6
Invocations    | 4 6 7 9 10 | 10.0
Spellcasting   | 2 4 |  4.0
Shields        | 5 6 9 |  9.0
Translocations | 3 6 |  6.0
Armour         | 3 6 9 |  9.0
Dodging        | |  1.5

Action                   |  1- 3 |  4- 6 |  7- 9 | 10-12 | 13-15 || total
-------------------------+-------+-------+-------+-------+-------++-------
Melee: Unarmed           |    67 |   219 |   363 |   603 |  1477 ||  2729
       Punch             |       |     3 |     7 |    33 |    18 ||    61
       Hunting sling     |       |       |       |     5 |       ||     5
 Fire: Hunting sling     |       |       |       |     5 |       ||     5
       Fustibalus        |       |       |       |       |   232 ||   232
Throw: Stone             |     3 |    50 |    61 |   134 |    49 ||   297
       Dart              |       |     1 |     7 |     1 |    18 ||    27
       Large rock        |       |     1 |     2 |     3 |    24 ||    30
       Boomerang         |       |       |       |     8 |    91 ||    99
       Javelin           |       |       |       |     1 |    35 ||    36
 Cast: Corona            |       |     3 |       |       |       ||     3
       Slow              |       |     6 |    23 |    71 |   131 ||   231
       Confusing Touch   |       |       |       |     1 |       ||     1
       Blink             |       |       |       |       |     1 ||     1
       Portal Projectile |       |       |       |       |     1 ||     1
Invok: Heroism           |       |       |       |    14 |    39 ||    53
       Finesse           |       |       |       |       |     1 ||     1
Evoke: Wand              |       |       |       |     7 |       ||     7
  Use: Scroll            |       |     5 |     7 |     4 |    13 ||    29
       Potion            |       |       |       |     1 |     7 ||     8
 Stab: Sleeping          |     1 |       |     2 |       |       ||     3
       Confused          |       |       |       |     3 |       ||     3
Armor: Robe              |    26 |   119 |   183 |   182 |   315 ||   825
       Troll leather arm |       |       |       |       |   196 ||   196
Dodge: Dodged            |    22 |    80 |   174 |   174 |   429 ||   879
Block: Other             |       |       |       |    30 |    55 ||    85
       Kite shield       |       |       |       |       |   945 ||   945
       Reflection        |       |       |       |       |    76 ||    76
